 Dungeon Crawl Stone Soup version 0.18.1-6-gd335043 (webtiles) character file.

216 Berubetto the Covert (level 5, -16/34 HPs)
             Began as an Octopode Assassin on May 17, 2016.
             Was an Initiate of the Shining One.
             Demolished by Enish's ghost (20 damage)
             ... on level 3 of the Dungeon.
             The game lasted 00:19:06 (2324 turns).

Berubetto the Covert (Octopode Assassin)            Turns: 2324, Time: 00:19:36

Health: -16/34     AC:  1    Str: 11    XL:     5   Next: 93%
Magic:  5/5        EV: 12    Int: 13    God:    the Shining One [......]
Gold:   56         SH:  0    Dex: 17    Spells: 0 memorised, 4 levels left

rFire  . . .     SeeInvis .     k - +2 dagger
rCold  . . .     Gourm    .     (no shield)
rNeg   . . .     Faith    .     (helmet restricted)
rPois  .         Spirit   .     (no amulet)
rElec  .         Dismiss  .     n - +3 ring of dexterity
rCorr  .         Reflect  .     (no ring)
SustAt .         Harm     .     (no ring)
MR     .....                    (no ring)
Stlth  ++........               (no ring)
                                (no ring)
                                (no ring)
                                (no ring)

@: glowing, not resistant to hostile enchantments, unstealthy
A: almost no armour, amphibious, 8 rings, constrict 8, camouflage 1, gelatinous
body 1
a: Renounce Religion


You were on level 3 of the Dungeon.
You worshipped the Shining One.
The Shining One was noncommittal.
You were not hungry.

You visited 1 branch of the dungeon, and saw 3 of its levels.

You collected 56 gold pieces.

Inventory:

Hand Weapons
 a - a +0 dagger
 b - a +0 blowgun
 k - a +2 dagger (weapon)
 q - a +0 dagger
 s - a +1 vampiric scythe
Missiles
 c - 8 poisoned needles
 d - 2 curare-tipped needles
Armour
 j - a +0 robe
Jewellery
 n - a +3 ring of dexterity (left tentacle)
Scrolls
 e - 2 scrolls of recharging {unknown}
 f - a scroll of teleportation {unknown}
 g - a scroll of immolation {unknown}
 l - a scroll of enchant armour {unknown}
 o - 2 scrolls of remove curse
 w - a scroll of identify {unknown}
 x - a scroll of enchant weapon {unknown}
Potions
 h - a potion of brilliance {unknown}
 i - a potion of cancellation {unknown}
 m - a potion of curing {unknown}
 p - a potion of flight {unknown}
 t - a potion of lignification {unknown}
 v - 2 potions of degeneration {unknown}
Comestibles
 r - a bread ration
 u - a slice of pizza


   Skills:
 - Level 2.0 Fighting
 - Level 2.0 Short Blades
 + Level 4.0 Throwing
 - Level 1.4 Dodging
 + Level 8.0 Stealth


You had 4 spell levels left.
You didn't know any spells.

Dungeon Overview and Level Annotations

Branches:
Dungeon (3/15)

Altars:
The Shining One

Annotations:
D:3 Enish's ghost, amateur HuHu


Innate Abilities, Weirdness & Mutations

You cannot wear most types of armour.
You are amphibious.
You can wear up to eight rings at the same time.
You can use your tentacles to constrict eight enemies at once.
Your skin changes colour to match your surroundings (Stealth).
Your rubbery body absorbs attacks (AC +1).


Message History

Enish's ghost (amateur Human Hunter) comes into view.
It is wielding a weapon of electrocution.
You hit Enish's ghost but do no damage. You hit Enish's ghost.
Enish's ghost is lightly damaged.
Enish's ghost closely misses you.
You barely miss Enish's ghost.
Enish's ghost is lightly damaged.
Enish's ghost hits you!
You are electrocuted!
You completely miss Enish's ghost.
You squeeze Enish's ghost, but do no damage.
Enish's ghost is lightly damaged.
Enish's ghost hits you.
* * * LOW HITPOINT WARNING * * *
You closely miss Enish's ghost. Your squeeze misses Enish's ghost.
Enish's ghost is lightly damaged.
Enish's ghost hits you.
* * * LOW HITPOINT WARNING * * *
You are electrocuted!
Ouch! That really hurt!
You die...

### ..# #.#
#.#
#.############
#............#
#@##########.#
#..W.# #.#
........# #.#
#...!...## #.#
##.#..%##
#.### #.##..#
#...# # #..#
###.# #..#
#####.###
#.......#


You could see Enish's ghost.

Vanquished Creatures
  Sigmund (D:2)
  2 adders
  2 worms (D:2)
  4 giant geckos
  3 bats
  9 hobgoblins
  4 jackals (D:1)
  A quokka (D:2)
  3 giant newts
  7 goblins
  3 kobolds (D:1)
  3 rats (D:1)
42 creatures vanquished.

Notes
Turn   | Place    | Note
--------------------------------------------------------------
     0 | D:1      | Berubetto the Octopode Assassin began the quest for the Orb.
     0 | D:1      | Reached XP level 1. HP: 14/14 MP: 1/1
   195 | D:1      | Reached XP level 2. HP: 19/19 MP: 2/2
   406 | D:1      | Reached skill level 6 in Stealth
  1013 | D:1      | Reached XP level 3. HP: 23/24 MP: 3/3
  1657 | D:2      | Noticed Sigmund
  1661 | D:2      | Killed Sigmund
  1661 | D:2      | Reached skill level 7 in Stealth
  1661 | D:2      | Reached XP level 4. HP: 29/29 MP: 4/4
  1661 | D:2      | Reached XP level 5. HP: 34/34 MP: 5/5
  1719 | D:2      | Found a glowing golden altar of the Shining One.
  1734 | D:2      | Became a worshipper of the Shining One
  2263 | D:3      | Reached skill level 8 in Stealth
  2318 | D:3      | Noticed Enish's ghost (amateur HuHu)
  2324 | D:3      | Demolished by Enish's ghost

Skill      XL: |  1  2  3  4  5 |
---------------+----------------+-----
Stealth        | 6 7 8 |  8.0
Throwing       | 3 4 |  4.0
Fighting       | |  2.0
Short Blades   | |  2.0
Dodging        | |  1.4

Action                   |  1- 3 |  4- 6 || total
-------------------------+-------+-------++-------
Melee: Dagger            |    55 |    29 ||    84
       Constrict         |    15 |     7 ||    22
       Tentacles         |    11 |     8 ||    19
  Use: Scroll            |     1 |       ||     1
 Stab: Sleeping          |     7 |     2 ||     9
  Eat: Bread ration      |     1 |       ||     1
Armor: Skin              |     4 |     1 ||     5
Dodge: Dodged            |    23 |    14 ||    37
